 Dungeon Crawl Stone Soup version 0.24.0-123-gd5b16e6ec5 (webtiles) character file.

Game seed: 14226644795566677356, levelgen mode: deterministic

45 Cthan the Firebug (level 3, 0/26 HPs)
             Began as a Draconian Fire Elementalist on Jan 3, 2020.
             Succumbed to an adder's poison
             ... on level 2 of the Dungeon.
             The game lasted 00:28:39 (1855 turns).

Cthan the Firebug (Draconian Fire Elementalist)     Turns: 1855, Time: 00:28:40

Health: 0/26       AC:  7    Str: 10    XL:     3   Next: 42%
Magic:  6/6        EV: 12    Int: 16    God:
Gold:   46         SH:  0    Dex: 11    Spells: 2/6 levels left

rFire    . . .     SeeInvis +   i - +0 dagger
rCold    . . .     Gourm    .   (no shield)
rNeg     . . .     Faith    .   (armour unavailable)
rPois    .         Spirit   .   a - +2 hat {SInv}
rElec    .         Reflect  .   (no cloak)
rCorr    .         Harm     .   (no gloves)
MR       .....                  (no boots)
Stlth    +++.......             (no amulet)
HPRegen  0.08/turn              e - ring of stealth
MPRegen  0.10/turn              (no ring)

@: lethally poisoned (0 -> -3), berserk cooldown, slowed, very slow
A: unfitting armour, cold-blooded, AC +5
a: no special abilities


You were on level 2 of the Dungeon.
You were not hungry.

You visited 1 branch of the dungeon, and saw 2 of its levels.

You collected 46 gold pieces.

Inventory:

Hand Weapons
 i - a +0 dagger (weapon)
 m - a +0 whip
 p - a +2 dagger of venom
 q - a +0 rapier
Missiles
 c - 10 poisoned darts (quivered)
 g - 18 sling bullets
 l - 13 stones
Armour
 a - a +2 hat of see invisible (worn)
Jewellery
 e - a ring of stealth (left hand)
 n - a +3 ring of protection {unknown}
Scrolls
 d - a scroll of blinking {unknown}
 f - a scroll of teleportation {unknown}
 j - a scroll of immolation {unknown}
 k - a scroll of magic mapping {unknown}
Potions
 h - a potion of lignification {unknown}
 r - a potion of berserk rage
Comestibles
 b - 4 rations


   Skills:
 - Level 1.7 Dodging
 - Level 1.7 Stealth
 + Level 2.4 Spellcasting
 * Level 2.5 Conjurations
 + Level 3.4 Fire Magic


You had 2 spell levels left.
You knew the following spells:

 Your Spells              Type           Power        Failure   Level  Hunger
a - Flame Tongue          Conj/Fire      ##...        6%          1    #......
b - Conjure Flame         Conj/Fire      ##......     19%         3    ###....

Your spell library contained the following spells:

 Spells                   Type           Power        Failure   Level  Hunger
 Throw Flame              Conj/Fire      ##....       9%          2    ###....
 Inner Flame              Hex/Fire       #.......     30%         3    ###....
 Sticky Flame             Conj/Fire      ##......     52%         4    #####..
 Fireball                 Conj/Fire      ##........   86%         5    ######.


Dungeon Overview and Level Annotations

Branches:
Dungeon (2/15)

Altars:


Innate Abilities, Weirdness & Mutations

Your plain brown scales are hard. (AC +5)
You cannot fit into any form of body armour.
You are cold-blooded and may be slowed by cold attacks.


Message History

Unknown command.
You are too berserk!
Unknown command.
You feel a strong urge to attack something.
There is an open door here.
You feel your anger nearly subside.
You feel sick.
You are no longer berserk.
You are exhausted.
You feel yourself slow down. The adder bites you.
* * * LOW HITPOINT WARNING * * *
* * * LOW HITPOINT WARNING * * *
You feel sick. The adder bites you but does no damage.
The adder bites you but does no damage.
* * * LOW HITPOINT WARNING * * *
You feel sick. The adder barely misses you.
The adder bites you but does no damage.
You die...

#############
#>@.S...)...#####
#.##.###.........
####.##.# #.........
#.......###.†.......
#+##......'.........
......######.........
......# #.........
.......# #.........
.......# #.........


You could see an adder.

Vanquished Creatures
  2 adders (D:2)
  An ooze (D:1)
  A dart slug (D:1)
  2 giant cockroaches
  3 goblins (D:1)
  A hobgoblin (D:1)
  3 bats (D:1)
  5 frilled lizards
  2 kobolds
  3 rats (D:1)
23 creatures vanquished.

Notes
Turn   | Place    | Note
-------+----------+-------------------------------------------
     0 | D:1      | Cthan the Draconian Fire Elementalist began the quest for
                  | the Orb.
     0 | D:1      | Reached XP level 1. HP: 14/14 MP: 3/3
   467 | D:1      | Reached XP level 2. HP: 20/20 MP: 0/5
  1452 | D:2      | Reached XP level 3. HP: 26/26 MP: 4/6
  1510 | D:2      | Learned a level 3 spell: Conjure Flame
  1850 | D:2      | HP: 1/26 [poisoned by an adder]
  1855 | D:2      | Succumbed to an adder's poison

Levels and vault maps discovered:
D:1:      dpeg_arrival_rooms_c, layout_loops_ring, grunt_decor_one_mirror,
          st_stairs_6
D:2:      layout_basic

Skill      XL: |  1  2 |
---------------+-------+-----
Conjurations   | 2 |  2.5
Dodging        | |  1.7
Stealth        | |  1.7
Spellcasting   | |  2.4
Fire Magic     | |  3.4

Action                   || total
-------------------------++-------
Throw: Dart              ||    28
 Cast: Flame Tongue      ||    43
       Conjure Flame     ||     1
  Use: Potion            ||     1
  Eat: Chunk             ||     1
       Ration            ||     1
Armor: Skin              ||    21
Dodge: Dodged            ||    31
